 Dungeon Crawl Stone Soup version 0.19-a0-1261-g420a265 (webtiles) character file.

7261 Promi the Arsonist (level 10, 0/83 HPs)
             Began as a Red Draconian Fire Elementalist on Aug 29, 2016.
             Was a Priest of Sif Muna.
             Slain by a stone giant (31 damage)
             ... on level 9 of the Dungeon.
             The game lasted 01:11:56 (10347 turns).

Promi the Arsonist (DrFE)                          Turns: 10347, Time: 01:12:00

Health: 0/83       AC:  9    Str: 10    XL:     10   Next: 89%
Magic:  11/21      EV: 14    Int: 20    God:    Sif Muna [***...]
Gold:   559        SH:  5    Dex: 13    Spells: 6 memorised, 6 levels left

rFire  + . .     SeeInvis .     d - +4 short sword
rCold  . . .     Gourm    .     (armour unavailable)
rNeg   . . .     Faith    .     h - +0 buckler
rPois  .         Spirit   .     (helmet restricted)
rElec  .         Dismiss  .     C - +0 cloak
rCorr  .         Reflect  .     l - +0 pair of gloves
MR     +....     Harm     .     (no boots)
Stlth  +++.......               D - amulet of magic regeneration
                                p - ring of stealth
                                e - ring of protection from magic

@: no status effects
A: breathe fire, unfitting armour, horns 2, agile 1, fire resistance 1, sense
surroundings 1, cold-blooded, AC +7
a: Breathe Fire, Divine Energy, Channel Magic, Renounce Religion


You were on level 9 of the Dungeon.
You worshipped Sif Muna.
Sif Muna was most pleased with you.
You were not hungry.

You visited 2 branches of the dungeon, and saw 10 of its levels.

You collected 559 gold pieces.

Inventory:

Hand Weapons
 d - a +4 short sword (weapon)
Armour
 h - a +0 buckler (worn)
 l - a +0 pair of gloves (worn)
 C - a +0 cloak (worn)
 I - a +0 shield
Jewellery
 e - a ring of protection from magic (left hand)
 f - an uncursed amulet of the gourmand
 p - a ring of stealth (right hand)
 s - an uncursed ring of protection from fire {unknown}
 D - an amulet of magic regeneration (around neck)
Wands
 r - a wand of paralysis (8/24)
 u - a wand of hasting (4/9)
 y - a wand of random effects (40/48)
 E - a wand of teleportation (1/9)
 G - a wand of iceblast (7/15)
 H - a wand of acid (4/15)
Scrolls
 g - 2 scrolls of blinking
 i - 2 scrolls of remove curse
 n - 2 scrolls of teleportation
 w - 8 scrolls of identify
 x - a scroll of fear
 A - a scroll of enchant armour {unknown}
 J - a scroll of fog
 K - a scroll of amnesia
Potions
 k - 4 potions of curing
 t - a potion of haste
 z - a potion of berserk rage
 B - 4 potions of cancellation
 L - a potion of might
Books
 a - a book of Flames

   Spells                             Type                      Level
   a - Flame Tongue                   Conjuration/Fire             1
   b - Throw Flame                    Conjuration/Fire             2
   c - Conjure Flame                  Conjuration/Fire             3
   d - Inner Flame                    Hexes/Fire                   3
   e - Sticky Flame                   Conjuration/Fire             4
   f - Fireball                       Conjuration/Fire             5
Comestibles
 b - 6 bread rations
 c - 3 meat rations
 j - 3 fruits
 m - a royal jelly
 o - 5 beef jerkies
 q - 8 slices of pizza


   Skills:
 - Level 5.9 Fighting
 - Level 3.3 Short Blades
 - Level 5.2 Dodging
 - Level 4.0 Stealth
 - Level 4.8 Shields
 - Level 7.8 Spellcasting
 - Level 5.6 Conjurations
 - Level 2.1 Hexes
 - Level 8.8 Fire Magic
 * Level 4.6 Invocations


You had 6 spell levels left.
You knew the following spells:

 Your Spells              Type           Power        Failure   Level  Hunger
a - Flame Tongue          Conj/Fire      #####        1%          1    None
b - Throw Flame           Conj/Fire      #####.       1%          2    None
c - Conjure Flame         Conj/Fire      #####...     1%          3    None
d - Inner Flame           Hex/Fire       ####....     3%          3    None
e - Sticky Flame          Conj/Fire      #####...     6%          4    ###....
f - Fireball              Conj/Fire      #####.....   14%         5    #####..


Dungeon Overview and Level Annotations

Branches:
Dungeon (9/15)             Temple (1/1) D:5
   Lair: D:8-11         Orc: D:9-12

Altars:
Ashenzari
Cheibriados
Dithmenos
Elyvilon
Fedhas
Gozag
Hepliaklqana
Kikubaaqudgha
Makhleb
Nemelex Xobeh
Okawaru
Qazlal
Ru
Sif Muna
Trog
Uskayaw
Vehumet
Xom
Yredelemnul
Zin
The Shining One

Annotations:
D:8 Erica, Psyche


Innate Abilities, Weirdness & Mutations

You can breathe blasts of fire.
Your fiery red scales are hard. (AC +7)
Your body does not fit into most forms of armour.
Your flesh is heat resistant. (rF+)
You are cold-blooded and may be slowed by cold attacks.
You have a pair of horns on your head.
You are agile. (Dex +2)
You passively map a small area around you.


Message History

The stone giant is lightly wounded.
Casting: Flame Tongue
Confirm with . or Enter, or press ? or * to list all spells.
Aiming: Flame Tongue
Press: ? - help, Shift-Dir - straight line, f/p - stone giant
Aim: a stone giant (lightly wounded)
The flame tongue hits the stone giant.
The stone giant appears unharmed.
The stone giant is lightly wounded.
Casting: Flame Tongue
Confirm with . or Enter, or press ? or * to list all spells.
Aiming: Sticky Flame
Press: ? - help, Shift-Dir - straight line, f/p - stone giant
Aim: a stone giant (flame, lightly wounded)
The sticky flame hits the stone giant.
The stone giant appears unharmed.
The stone giant is lightly wounded.
The stone giant is covered in liquid flames!
The stone giant burns!
The stone giant is engulfed in roaring flames.
The stone giant hits you!!
You die...

##.##....#.# ##....#.
8..$#._..#.# ##..###
....h$#....#.# #.## #
.....C#...)#.# ##(###
..8..$#._..#.# ##(#.
..##.##....#.# ##.#
...##*#⌠.⌠.#.## ####.#
....#####'##..###### #...).
...............C@..# #.##..
.####.#..###.#####.# #.##.. .#
#.#.####.#####.#### #.#...
.####.......h.........######.##..
..(.......##.#####.##........###.
####.##.#.##.#####.##<.#####.....
#.##...##.......##.....##.####
#.##.#.##.#########.##.#..#
#.##.#.##.# #.##..#.##


You could see a stone giant (burning).

Vanquished Creatures
  A tengu warrior (D:9)
  Pikel (D:8)
  Maurice (D:8)
  The ghost of rlgrobin the Jinx, a novice SpEn (D:5)
  A two-headed ogre (D:7)
  Sigmund (D:5)
  A human (D:7)
  A yak (D:7)
  3 hippogriffs
  3 hogs (D:7)
  A black bear (D:7)
  The ghost of Shredu92 the Sneak, an amateur VSEn (D:3)
  5 orc warriors
  4 ice beasts
  A sky beast (D:6)
  2 necrophages
  A phantom (D:8)
  8 ogres
  4 centaurs
  A big kobold (D:8)
  2 giant frogs (D:7)
  2 scorpions (D:4)
  3 killer bees (D:7)
  4 wights (D:9)
  A howler monkey (D:8)
  2 crimson imps
  A jelly (D:6)
  2 centaur zombies (D:5)
  A hound (D:8)
  3 orc priests
  9 orc wizards
  2 centaur skeletons
  3 iguanas
  5 worker ants
  2 hound zombies
  A hound skeleton (D:7)
  4 gnolls (D:5)
  13 adders
  2 shadow imps
  3 oozes
  An adder zombie (D:8)
  2 adder skeletons
  5 worms
  5 dart slugs
  4 giant geckos
  30 orcs
  4 ball pythons
  8 bats
  6 giant cockroaches
  4 hobgoblins
  8 jackals
  16 kobolds
  4 quokkas
  2 giant newts
  7 goblins
  A jackal skeleton (D:4)
  2 quokka skeletons
  7 rats
223 creatures vanquished.

Vanquished Creatures (others)
  3 slaves (D:8)
  2 howler monkeys (D:8)
  An orc wizard (D:8)
6 creatures vanquished.

Grand Total: 229 creatures vanquished

Notes
Turn   | Place    | Note
-------+----------+-------------------------------------------
     0 | D:1      | Promi the Draconian Fire Elementalist began the quest for the Orb.
     0 | D:1      | Reached XP level 1. HP: 14/14 MP: 3/3
   347 | D:1      | Reached XP level 2. HP: 19/22 MP: 5/5
   408 | D:1      | Learned a level 2 spell: Throw Flame
   734 | D:1      | Reached skill level 1 in Fighting
   963 | D:1      | Reached XP level 3. HP: 23/28 MP: 6/6
  1642 | D:2      | Reached XP level 4. HP: 30/35 MP: 0/7
  1875 | D:2      | Reached skill level 1 in Short Blades
  2318 | D:2      | Found an opulent altar of Gozag.
  2635 | D:3      | Reached XP level 5. HP: 39/41 MP: 7/9
  2925 | D:3      | Found a sparkling altar of Nemelex Xobeh.
  3074 | D:3      | Noticed Shredu92's ghost (amateur VSEn)
  3098 | D:3      | Killed Shredu92's ghost
  3098 | D:3      | Reached skill level 1 in Shields
  3303 | D:3      | Reached XP level 6. HP: 48/49 MP: 2/11
  3665 | D:3      | Learned a level 3 spell: Conjure Flame
  3669 | D:3      | Learned a level 3 spell: Inner Flame
  4274 | D:4      | Reached skill level 1 in Hexes
  4511 | D:4      | Your scales start taking on a fiery red colour.
  4511 | D:4      | Reached skill level 4 in Fire Magic
  4511 | D:4      | Reached XP level 7. HP: 49/56 MP: 7/12
  4511 | D:4      | Gained mutation: Your flesh is heat resistant. (rF+) [Red Draconian growth]
  5281 | D:5      | Entered Level 5 of the Dungeon
  5281 | D:5      | Found a staircase to the Ecumenical Temple.
  5287 | D:5      | Noticed rlgrobin's ghost (novice SpEn)
  5294 | Temple   | Entered the Ecumenical Temple
  5381 | Temple   | Became a worshipper of Sif Muna the Loreminder
  5601 | D:5      | Killed rlgrobin's ghost
  5601 | D:5      | Reached XP level 8. HP: 54/63 MP: 3/14
  6057 | D:5      | Noticed Sigmund
  6079 | D:5      | Killed Sigmund
  6079 | D:5      | Reached skill level 5 in Spellcasting
  6419 | D:5      | Learned a level 4 spell: Sticky Flame
  6419 | D:5      | Gained mutation: You have a pair of small horns on your head. [potion of mutation]
  6419 | D:5      | Gained mutation: You are agile. (Dex +2) [potion of mutation]
  6419 | D:5      | Gained mutation: You have a pair of horns on your head. [potion of mutation]
  6495 | D:6      | Reached skill level 5 in Fire Magic
  6508 | D:6      | Reached * piety under Sif Muna
  6843 | D:6      | Reached XP level 9. HP: 40/71 MP: 6/17
  7073 | D:6      | Learned a level 5 spell: Fireball
  7564 | D:6      | Gained mutation: You passively map a small area around you. [potion of beneficial mutation]
  7670 | D:7      | Reached skill level 6 in Fire Magic
  8182 | D:7      | Reached skill level 5 in Fighting
  8299 | D:7      | Reached skill level 7 in Fire Magic
  8339 | D:7      | Reached ** piety under Sif Muna
  8405 | D:7      | Reached XP level 10. HP: 70/81 MP: 14/20
  8622 | D:8      | Noticed Erica
  8641 | D:8      | Reached skill level 5 in Conjurations
  8704 | D:8      | Noticed Pikel
  8882 | D:8      | Noticed Maurice
  8896 | D:8      | Killed Maurice
  8971 | D:8      | Reached skill level 5 in Dodging
  9044 | D:8      | Killed Pikel
  9044 | D:8      | Reached skill level 8 in Fire Magic
  9343 | D:8      | Noticed Psyche
  9629 | D:9      | Reached *** piety under Sif Muna
 10033 | D:9      | Reached skill level 1 in Invocations
 10084 | D:9      | Found a sacrificial altar of Ru.
 10084 | D:9      | Found a burning altar of Makhleb.
 10085 | D:9      | Noticed a griffon
 10088 | D:9      | Noticed a stone giant
 10088 | D:9      | Noticed a tengu warrior
 10102 | D:9      | Killed a tengu warrior
 10347 | D:9      | Slain by a stone giant

Vault maps used:
D:1:      noname_arrival_rooms_in_the_neighbourhood
D:2:      nicolae_gozag_seed_capital
D:3:      nemelex_lonely_heart_becter
D:4:      first_bread
D:5:      uniq_sigmund
D:7:      grunt_livestock
D:8:      uniq_maurice, uniq_psyche, uniq_pikel, uniq_erica
D:9:      jmf_multi_god_temple
Temple:   nicolae_temple_the_god_donut

Skill      XL: |  1  2  3  4  5  6  7  8  9 10 |
---------------+-------------------------------+-----
Fighting       | 1 2 3 4 5 |  5.9
Dodging        | 2 3 4 5 |  5.2
Stealth        | 2 3 4 |  4.0
Short Blades   | 1 2 3 |  3.3
Conjurations   | 2 3 4 5 |  5.6
Spellcasting   | 3 4 5 6 7 |  7.8
Shields        | 1 2 3 4 |  4.8
Hexes          | 1 2 |  2.1
Fire Magic     | 4 5 7 8 |  8.8
Invocations    | 4 |  4.6

Action                   |  1- 3 |  4- 6 |  7- 9 | 10-12 || total
-------------------------+-------+-------+-------+-------++-------
Melee: Short sword       |    66 |    81 |   151 |    73 ||   371
       Tailslap          |     6 |    12 |    17 |     5 ||    40
       Unarmed           |     1 |       |       |       ||     1
       Headbutt          |       |       |    10 |     8 ||    18
 Cast: Flame Tongue      |    33 |    72 |   120 |    58 ||   283
       Throw Flame       |     3 |    29 |    31 |    34 ||    97
       Sticky Flame      |       |       |    22 |    24 ||    46
       Inner Flame       |       |       |     1 |       ||     1
       Conjure Flame     |       |       |       |     5 ||     5
       Fireball          |       |       |       |     2 ||     2
  Use: Scroll            |     3 |     6 |     6 |     1 ||    16
       Potion            |     3 |     3 |     6 |     1 ||    13
 Stab: Sleeping          |     1 |     6 |     4 |     2 ||    13
       Distracted        |       |       |     1 |       ||     1
  Eat: Chunk             |     3 |    22 |    10 |     5 ||    40
       Fruit             |       |       |       |     1 ||     1
Armor: Skin              |    22 |    26 |    56 |    35 ||   139
Dodge: Dodged            |    40 |    59 |   138 |    72 ||   309
Block: Buckler           |     8 |    21 |    51 |    23 ||   103
